AoeStats
← Dieu Tan

Arabia

510323192Analyzed
1v1 RM · 16h ago on Sep 30, 2026· 50m 32s· 2 players
Game mode
Random Map
Map size
Tiny (2 player)
Population
200
Speed
Normal
Resources
Standard
Victory
Conquest
Starting age
Dark Age
Ending age
Imperial Age
RankedLock teamsTeams togetherTeam positionsShared explorationLock speedFull tech treeHidden civsTurbo modeCheats
Victory
Defeat
🇦🇷 Teutons · Argentina
1669
+12
🇺🇸 Franks · United States
1589
-12
Dieu Tan
6:27 Loom
9:03 Feudal Age
10:09 Double-Bit Axe
17:38 Wheelbarrow
21:01 Castle Age
21:25 Fletching
21:36 Padded Archer Armor
21:45 Husbandry
26:23 Bodkin Arrow
28:14 Leather Archer Armor
28:58 Ballistics
37:23 Imperial Age
35:33 Masonry
35:10 Ordonnance Companies
36:59 Murder Holes
39:20 Chemistry
39:30 Cranequins
42:24 Conscription
44:37 Heavy Mounted Crossbowman
47:01 Hand Cart
VOY TEUTONES VOY
6:28 Loom
9:01 Feudal Age
9:02 Man-at-Arms
10:14 Double-Bit Axe
11:55 Horse Collar
21:14 Castle Age
20:47 Scale Barding Armor
20:54 Bloodlines
22:23 Chain Barding Armor
22:17 Bow Saw
23:46 Gold Mining
29:30 Wheelbarrow
31:13 Forging
35:01 Hand Cart
38:16 Imperial Age
36:21 Town Watch
37:00 Hand Cart
37:00 Stone Mining
38:21 Iron Casting
39:45 Plate Barding Armor
38:34 Cavalier
41:03 Blast Furnace
40:42 Masonry
42:02 Heavy Plow
42:19 Fletching
42:58 Onager
45:06 Bodkin Arrow
45:39 Conscription
46:20 Guilds
47:33 Stone Shaft Mining
47:58 Ironclad
49:12 Siege Engineers
50:08 Chemistry
Connection lost

Rejoining the realm…

Still unreachable

The connection could not be restored.

Session expired

The server has moved on; the page needs a fresh start.